| TOP OF THE 1ST |
|
Tulsa Drillers batting - Pitching for Iowa Oaks : LHP Matthew Sutherland
|
|
Pitching: LHP Matthew Sutherland
|
|
|
Batting: SHB Paul Householder
|
0-0: Foul Ball, location: 2F 0-1: DOUBLE (Flyball, 89D, EV 92.5 MPH)
|
|
Batting: RHB Victor Rios
|
0-0: Ball 1-0: Called Strike 1-1: Called Strike 1-2: Fly out, F7 (Flyball, 7LM, EV 88.8 MPH)
|
|
Batting: LHB Jim Adduci
|
0-0: Called Strike 0-1: Reached via error on a dropped throw from 2B, E3 (Groundball, 4, EV 97.5 MPH) Paul Householder to third
|
|
Batting: LHB Mike Pagliarulo
|
0-0: Ball 1-0: Foul Ball, location: 2F 1-1: Fly out, F8 (Line Drive, 8LM, EV 97.5 MPH) Runner from 3rd tags up, SCORES, no throw by CF
|
|
Batting: RHB Bob Grandas
|
0-0: Ball 1-0: Swinging Strike 1-1: Fly out, F8 (Flyball, 8RXD, EV 100.0 MPH)
|
| Top of the 1st over - 1 run, 1 hit, 1 error, 1 left on base; Tulsa 1 - Iowa 0 |
| BOTTOM OF THE 1ST |
|
Iowa Oaks batting - Pitching for Tulsa Drillers : RHP Alex Mazariegos
|
|
Pitching: RHP Alex Mazariegos
|
|
|
Batting: LHB Gary Jones
|
0-0: Ball 1-0: Ground out 4-3 (Groundball, 4, EV 86.3 MPH)
|
|
Batting: SHB Rod Craig
|
0-0: Ball 1-0: Ball 2-0: Swinging Strike 2-1: Ball 3-1: Ground out 5-3 (Groundball, 5, EV 101.9 MPH)
|
|
Batting: RHB Mark Benson
|
0-0: Called Strike 0-1: Ball 1-1: Ground out U3 (Groundball, 34, EV 105.0 MPH)
|
| Bottom of the 1st over - 0 runs, 0 hits, 0 errors, 0 left on base; Tulsa 1 - Iowa 0 |
| TOP OF THE 2ND |
|
Tulsa Drillers batting - Pitching for Iowa Oaks : LHP Matthew Sutherland
|
|
Batting: SHB Luis Quinones
|
0-0: Ball 1-0: Fly out, F9 (Flyball, 9S, EV 88.1 MPH)
|
|
Batting: RHB Bob E Johnson
|
0-0: Foul Ball, location: 2F 0-1: Fly out, F8 (Line Drive, 8LM, EV 94.4 MPH)
|
|
Batting: RHB Nick Belmonte
|
0-0: SINGLE (Groundball, P, EV 78.1 MPH) (infield hit)
|
|
Batting: RHB Onix Concepcion
|
0-0: Ball 1-0: Ground out 4-3 (Groundball, 4D, EV 81.9 MPH)
|
| Top of the 2nd over - 0 runs, 1 hit, 0 errors, 1 left on base; Tulsa 1 - Iowa 0 |
| BOTTOM OF THE 2ND |
|
Iowa Oaks batting - Pitching for Tulsa Drillers : RHP Alex Mazariegos
|
|
Batting: SHB Mike Turgeon
|
0-0: Ball 1-0: Ball 2-0: SINGLE (Groundball, 6S, EV 67.5 MPH) (infield hit)
|
|
Batting: RHB Edgar Flores
|
0-0: Ball 1-0: Called Strike 1-1: SINGLE (Groundball, 34D, EV 108.8 MPH) Mike Turgeon to second Runner from 2nd tries for 3rd, SAFE, throw by RF made to third
|
|
Batting: SHB Michael Pace
|
0-0: Ball 1-0: Ball 2-0: Ball 3-0: Called Strike 3-1: Fly out, F9 (Flyball, 9S, EV 88.8 MPH)
|
|
Batting: RHB Ronald Hess
|
0-0: Ball 1-0: Ball 2-0: Fly out, F9 (Flyball, 9LS, EV 85.0 MPH)
|
|
Batting: LHB Wayne Krenchicki
|
0-0: Ball 1-0: Swinging Strike 1-1: Ball 2-1: Foul Ball, location: 2F 2-2: Ground out 5-3 (Groundball, 5S, EV 80.0 MPH)
|
| Bottom of the 2nd over - 0 runs, 2 hits, 0 errors, 2 left on base; Tulsa 1 - Iowa 0 |
| TOP OF THE 3RD |
|
Tulsa Drillers batting - Pitching for Iowa Oaks : LHP Matthew Sutherland
|
|
Batting: SHB Paul Householder
|
0-0: Ground out 6-3 (Groundball, 6, EV 106.9 MPH)
|
|
Batting: RHB Victor Rios
|
0-0: Fly out, F4 (Line Drive, 4, EV 59.4 MPH)
|
|
Batting: LHB Jim Adduci
|
0-0: Swinging Strike 0-1: Fly out, F8 (Flyball, 78M, EV 97.5 MPH)
|
| Top of the 3rd over - 0 runs, 0 hits, 0 errors, 0 left on base; Tulsa 1 - Iowa 0 |
| BOTTOM OF THE 3RD |
|
Iowa Oaks batting - Pitching for Tulsa Drillers : RHP Alex Mazariegos
|
|
Batting: RHB Thomas Vessey
|
0-0: Called Strike 0-1: Called Strike 0-2: Ball 1-2: Ball 2-2: Foul Ball, location: 2F 2-2: Foul Ball, location: 2F 2-2: Ground out 6-3 (Groundball, 6, EV 90.6 MPH)
|
|
Batting: LHB Gary Jones
|
0-0: Ground out 4-3 (Groundball, 4, EV 100.6 MPH)
|
|
Batting: SHB Rod Craig
|
0-0: Ball 1-0: Ball 2-0: Ground out 5-3 (Groundball, 56S, EV 65.6 MPH)
|
| Bottom of the 3rd over - 0 runs, 0 hits, 0 errors, 0 left on base; Tulsa 1 - Iowa 0 |
| TOP OF THE 4TH |
|
Tulsa Drillers batting - Pitching for Iowa Oaks : LHP Matthew Sutherland
|
|
Batting: LHB Mike Pagliarulo
|
0-0: Ball 1-0: Ball 2-0: Called Strike 2-1: SOLO HOME RUN (Flyball, 7LD, EV 106.9 MPH), Distance : 359 ft
|
|
Batting: RHB Bob Grandas
|
0-0: Foul Ball, location: 2F 0-1: Foul Ball, location: 2F 0-2: Ball 1-2: Hit by Pitch
|
|
Batting: SHB Luis Quinones
|
0-0: Called Strike 0-1: Called Strike Bob Grandas steals 2nd base 0-2: Ball 1-2: Ball 2-2: Strikes out swinging
|
|
Batting: RHB Bob E Johnson
|
0-0: Ball 1-0: Ball 2-0: Called Strike 2-1: Foul Ball, location: 2F 2-2: Strikes out swinging
|
|
Batting: RHB Nick Belmonte
|
0-0: Called Strike 0-1: Foul Ball, location: 2F 0-2: Ground out 6-3 (Groundball, 6, EV 88.1 MPH)
|
| Top of the 4th over - 1 run, 1 hit, 0 errors, 1 left on base; Tulsa 2 - Iowa 0 |
| BOTTOM OF THE 4TH |
|
Iowa Oaks batting - Pitching for Tulsa Drillers : RHP Alex Mazariegos
|
|
Batting: RHB Mark Benson
|
0-0: Called Strike 0-1: Ball 1-1: Ball 2-1: DOUBLE (Flyball, 8LXD, EV 93.8 MPH)
|
|
Batting: SHB Mike Turgeon
|
0-0: Ball 1-0: Called Strike 1-1: Ball 2-1: SINGLE (Groundball, P, EV 90.6 MPH) (infield hit) Mark Benson to third
|
|
Batting: RHB Edgar Flores
|
0-0: Ball 1-0: Foul Ball, location: 2F 1-1: Ball 2-1: Ball 3-1: Called Strike 3-2: Fly out, F7 (Flyball, 78D, EV 84.4 MPH) Runner from 3rd tags up, SCORES, throw by LF
|
|
Batting: SHB Michael Pace
|
0-0: Fielders Choice at 2nd, 6-4 (Groundball, 6, EV 103.8 MPH)
|
|
Batting: RHB Ronald Hess
|
0-0: Reached on error, E5 (Groundball, 56, EV 98.8 MPH) Michael Pace to second
|
|
Batting: LHB Wayne Krenchicki
|
0-0: Ball 1-0: Ball 2-0: Swinging Strike 2-1: SINGLE (Groundball, 34D, EV 110.0 MPH) Michael Pace to third Ronald Hess to second Runner from 3rd tries for Home, SAFE, throw by RF to home
|
|
Batting: RHB Thomas Vessey
|
0-0: Foul Ball, location: 2F 0-1: Fly out, F9 (Line Drive, 9D, EV 96.3 MPH)
|
| Bottom of the 4th over - 2 runs, 3 hits, 1 error, 2 left on base; Tulsa 2 - Iowa 2 |
| TOP OF THE 5TH |
|
Tulsa Drillers batting - Pitching for Iowa Oaks : LHP Matthew Sutherland
|
|
Batting: RHB Onix Concepcion
|
0-0: Ball 1-0: Called Strike 1-1: Called Strike 1-2: Ball 2-2: Ground out 4-3 (Groundball, 4, EV 99.4 MPH)
|
|
Batting: SHB Paul Householder
|
0-0: Ball 1-0: Fly out, F6 (Line Drive, 6, EV 69.4 MPH)
|
|
Batting: RHB Victor Rios
|
0-0: Ball 1-0: Ball 2-0: Foul Ball, location: 2F 2-1: Foul Ball, location: 2F 2-2: SINGLE (Line Drive, 56, EV 106.9 MPH)
|
|
Batting: LHB Jim Adduci
|
0-0: Called Strike 0-1: Ball 1-1: Foul Ball, location: 2F 1-2: Fly out, F7 (Flyball, 7D, EV 89.4 MPH)
|
| Top of the 5th over - 0 runs, 1 hit, 0 errors, 1 left on base; Tulsa 2 - Iowa 2 |
| BOTTOM OF THE 5TH |
|
Iowa Oaks batting - Pitching for Tulsa Drillers : RHP Alex Mazariegos
|
|
Batting: LHB Gary Jones
|
0-0: Ball 1-0: Ball 2-0: Called Strike 2-1: Foul Ball, location: 2F 2-2: DOUBLE (Line Drive, 89D, EV 106.9 MPH)
|
|
Batting: SHB Rod Craig
|
0-0: Ball 1-0: Called Strike 1-1: Ball 2-1: Ball 3-1: Foul Ball, location: 2F 3-2: Ground out 4-3 (Groundball, 4, EV 81.3 MPH) Gary Jones to third
|
|
Batting: RHB Mark Benson
|
0-0: Called Strike 0-1: Foul Ball, location: 2F 0-2: Ball 1-2: Ball 2-2: Ground out 6-3 (Groundball, 6, EV 105.0 MPH)
|
|
Batting: SHB Mike Turgeon
|
0-0: Ball 1-0: Swinging Strike 1-1: Foul Ball, location: 2F 1-2: Foul Ball, location: 2F 1-2: Foul Ball, location: 2F 1-2: Foul Ball, location: 2F 1-2: Foul Ball, location: 2F 1-2: Fly out, F7 (Line Drive, 7D, EV 91.9 MPH)
|
| Bottom of the 5th over - 0 runs, 1 hit, 0 errors, 1 left on base; Tulsa 2 - Iowa 2 |
| TOP OF THE 6TH |
|
Tulsa Drillers batting - Pitching for Iowa Oaks : LHP Matthew Sutherland
|
|
Batting: LHB Mike Pagliarulo
|
0-0: Ball 1-0: Ball 2-0: Foul Ball, location: 2F 2-1: SINGLE (Groundball, 6D, EV 94.4 MPH)
|
|
Batting: RHB Bob Grandas
|
0-0: Ball 1-0: Swinging Strike 1-1: DOUBLE (Groundball, 3L, EV 108.1 MPH) Mike Pagliarulo to third
|
|
Batting: SHB Luis Quinones
|
0-0: Ball 1-0: Called Strike 1-1: Ground out 1-3 (Groundball, 34S, EV 71.3 MPH)
|
|
Batting: RHB Bob E Johnson
|
0-0: Swinging Strike 0-1: Swinging Strike 0-2: Ball 1-2: Ball 2-2: Ball 3-2: Fly out, F8 (Flyball, 78M, EV 93.1 MPH)
|
|
Batting: RHB Nick Belmonte
|
0-0: Called Strike 0-1: Ball 1-1: Foul Ball, location: 2F 1-2: Ball 2-2: Foul Ball, location: 2F 2-2: Ball 3-2: Fly out, F3 (Flyball, 3D, EV 89.4 MPH)
|
| Top of the 6th over - 0 runs, 2 hits, 0 errors, 2 left on base; Tulsa 2 - Iowa 2 |
| BOTTOM OF THE 6TH |
|
Iowa Oaks batting - Pitching for Tulsa Drillers : RHP Alex Mazariegos
|
|
Batting: RHB Edgar Flores
|
0-0: Called Strike 0-1: Ball 1-1: Ball 2-1: Ball 3-1: Base on Balls
|
|
Batting: SHB Michael Pace
|
0-0: Called Strike 0-1: Ball 1-1: Ball 2-1: Foul Ball, location: 2F 2-2: Fly out, F9 (Flyball, 9LM, EV 83.1 MPH)
|
|
Batting: RHB Ronald Hess
|
0-0: Grounds into double play, 4-6-3 (Groundball, 4, EV 93.1 MPH)
|
| Bottom of the 6th over - 0 runs, 0 hits, 0 errors, 0 left on base; Tulsa 2 - Iowa 2 |
| TOP OF THE 7TH |
|
Tulsa Drillers batting - Pitching for Iowa Oaks : LHP Matthew Sutherland
|
|
Batting: RHB Onix Concepcion
|
0-0: SINGLE (Line Drive, 9LS, EV 97.5 MPH)
|
|
Batting: SHB Paul Householder
|
0-0: Ball 1-0: Called Strike 1-1: Ball 2-1: Foul Ball, location: 2F 2-2: Strikes out swinging
|
|
Batting: RHB Victor Rios
|
0-0: Ball Onix Concepcion steals 2nd base (no throw) 1-0: Ball 2-0: Ball 3-0: Called Strike 3-1: Fly out, F9 (Flyball, 89D, EV 102.5 MPH) Runner from 2nd tags up, SAFE at 3rd, no throw by RF
|
|
Batting: LHB Jim Adduci
|
0-0: Called Strike 0-1: TRIPLE (Flyball, 89XD, EV 101.3 MPH) Onix Concepcion scores
|
|
Batting: LHB Mike Pagliarulo
|
0-0: Ball 1-0: Called Strike 1-1: Ground out 4-3 (Groundball, 4, EV 109.4 MPH)
|
| Top of the 7th over - 1 run, 2 hits, 0 errors, 1 left on base; Tulsa 3 - Iowa 2 |
| BOTTOM OF THE 7TH |
|
Iowa Oaks batting - Pitching for Tulsa Drillers : RHP Alex Mazariegos
|
|
Batting: LHB Wayne Krenchicki
|
0-0: TRIPLE (Flyball, 89XD, EV 103.8 MPH)
|
|
Batting: RHB Thomas Vessey
|
0-0: Called Strike 0-1: SINGLE (Line Drive, 4M, EV 103.1 MPH) Wayne Krenchicki scores
|
|
Batting: LHB Gary Jones
|
0-0: Ball 1-0: Ball 2-0: Swinging Strike 2-1: Called Strike 2-2: Strikes out swinging
|
|
Batting: SHB Rod Craig
|
0-0: Ball 1-0: Ball 2-0: Ball 3-0: Called Strike 3-1: Swinging Strike 3-2: SINGLE (Groundball, 34D, EV 95.0 MPH) Thomas Vessey to second Runner from 2nd tries for 3rd, SAFE, throw by RF made to third
|
|
Batting: RHB Mark Benson
|
0-0: Ball Rod Craig is caught stealing 2nd base 2-4 1-0: Foul Ball, location: 2F 1-1: Ground out 2-3 (Groundball, 15S, EV 65.0 MPH)
|
| Bottom of the 7th over - 1 run, 3 hits, 0 errors, 1 left on base; Tulsa 3 - Iowa 3 |
| TOP OF THE 8TH |
|
Tulsa Drillers batting - Pitching for Iowa Oaks : LHP Matthew Sutherland
|
|
Batting: RHB Bob Grandas
|
0-0: Ball 1-0: Swinging Strike 1-1: Fly out, F2 (Popup, 2RF, EV 91.3 MPH)
|
|
Batting: SHB Luis Quinones
|
0-0: Ball 1-0: Swinging Strike 1-1: Foul Ball, location: 2F 1-2: Foul Ball, location: 2F 1-2: Foul Ball, location: 2F 1-2: Ball 2-2: Foul Ball, location: 2F 2-2: Foul Ball, location: 2F 2-2: Strikes out swinging
|
|
Batting: RHB Bob E Johnson
|
0-0: Ball 1-0: Foul Ball, location: 2F 1-1: Foul Ball, location: 2F 1-2: Ball 2-2: Ball 3-2: Base on Balls
|
|
Batting: RHB Nick Belmonte
|
0-0: Ball 1-0: Reached on error, E6 (Groundball, 56, EV 103.1 MPH) Bob E Johnson to second
|
|
Batting: RHB Onix Concepcion
|
0-0: Ball 1-0: Called Strike 1-1: Ground out 4-3 (Groundball, 34, EV 106.3 MPH)
|
| Top of the 8th over - 0 runs, 0 hits, 1 error, 2 left on base; Tulsa 3 - Iowa 3 |
| BOTTOM OF THE 8TH |
|
Iowa Oaks batting - Pitching for Tulsa Drillers : RHP Alex Mazariegos
|
|
Batting: SHB Mike Turgeon
|
0-0: Fly out, F3 (Popup, 3SF, EV 65.0 MPH)
|
|
Batting: RHB Edgar Flores
|
0-0: Ball 1-0: Ball 2-0: Ball 3-0: Called Strike 3-1: Ground out 5-3 (Groundball, 56, EV 87.5 MPH)
|
|
Batting: SHB Michael Pace
|
0-0: Called Strike 0-1: Foul Ball, location: 2F 0-2: Ball 1-2: Foul Ball, location: 2F 1-2: Fly out, F9 (Flyball, 9, EV 76.3 MPH)
|
| Bottom of the 8th over - 0 runs, 0 hits, 0 errors, 0 left on base; Tulsa 3 - Iowa 3 |
| TOP OF THE 9TH |
|
Tulsa Drillers batting - Pitching for Iowa Oaks : LHP Matthew Sutherland
|
|
Pitching: RHP DeWayne Buice
|
|
|
Batting: SHB Paul Householder
|
0-0: Ball 1-0: Called Strike 1-1: Swinging Strike 1-2: Strikes out swinging
|
|
Batting: RHB Victor Rios
|
0-0: Called Strike 0-1: Swinging Strike 0-2: Ball 1-2: Ball 2-2: Strikes out looking
|
|
Batting: LHB Jim Adduci
|
0-0: Ball 1-0: Ball 2-0: Ball 3-0: Base on Balls
|
|
Batting: LHB Mike Pagliarulo
|
0-0: Ball 1-0: Ball 2-0: Fly out, F7 (Line Drive, 7, EV 87.5 MPH)
|
| Top of the 9th over - 0 runs, 0 hits, 0 errors, 1 left on base; Tulsa 3 - Iowa 3 |
| BOTTOM OF THE 9TH |
|
Iowa Oaks batting - Pitching for Tulsa Drillers : RHP Alex Mazariegos
|
|
Pinch Hitting: LHB Donald Johnson
|
0-0: Called Strike 0-1: Foul Ball, location: 2F 0-2: Ball 1-2: Foul Ball, location: 2F 1-2: Foul Ball, location: 2F 1-2: Ground out 5-3 (Groundball, 56S, EV 83.1 MPH)
|
|
Batting: LHB Wayne Krenchicki
|
0-0: Ball 1-0: Foul Ball, location: 2F 1-1: Called Strike 1-2: Strikes out swinging, 2-3 out at first.
|
|
Pinch Hitting: RHB Mike Richardt
|
0-0: Ball 1-0: Called Strike 1-1: Ground out 4-3 (Groundball, 4M, EV 101.3 MPH)
|
| Bottom of the 9th over - 0 runs, 0 hits, 0 errors, 0 left on base; Tulsa 3 - Iowa 3 |
| TOP OF THE 10TH |
|
Tulsa Drillers batting - Pitching for Iowa Oaks : RHP DeWayne Buice
|
|
Now at C: Dave F Schmidt
|
|
|
Now at 2B: Mike Richardt
|
|
|
Batting: LHB Randy Braun
|
0-0: Called Strike 0-1: Ball 1-1: Called Strike 1-2: Strikes out looking
|
|
Batting: SHB Luis Quinones
|
0-0: Swinging Strike 0-1: Swinging Strike 0-2: Ball 1-2: Foul Ball, location: 2F 1-2: Foul Ball, location: 2F 1-2: Ball 2-2: Fly out, F7 (Flyball, 78M, EV 83.8 MPH)
|
|
Batting: RHB Bob E Johnson
|
0-0: Ball 1-0: Ball 2-0: Called Strike 2-1: Ball 3-1: Foul Ball, location: 2F 3-2: Fly out, F8 (Flyball, 8RM, EV 88.1 MPH)
|
| Top of the 10th over - 0 runs, 0 hits, 0 errors, 0 left on base; Tulsa 3 - Iowa 3 |
| BOTTOM OF THE 10TH |
|
Iowa Oaks batting - Pitching for Tulsa Drillers : RHP Alex Mazariegos
|
|
Pitching: RHP Bert Roberge
|
|
|
Batting: LHB Gary Jones
|
0-0: Called Strike 0-1: Ball 1-1: Ball 2-1: Foul Ball, location: 2F 2-2: Foul Ball, location: 2F 2-2: Foul Ball, location: 2F 2-2: Ball 3-2: Ground out 3-1 (Groundball, 34, EV 101.9 MPH)
|
|
Batting: SHB Rod Craig
|
0-0: Ball 1-0: Foul Ball, location: 2F 1-1: Fly out, F5 (Popup, 5SF, EV 70.6 MPH)
|
|
Batting: RHB Mark Benson
|
0-0: Swinging Strike 0-1: Ball 1-1: Called Strike 1-2: Ball 2-2: Ball 3-2: Base on Balls
|
|
Batting: SHB Mike Turgeon
|
0-0: Ball 1-0: Called Strike 1-1: Ground out 4-3 (Groundball, 34, EV 83.8 MPH)
|
| Bottom of the 10th over - 0 runs, 0 hits, 0 errors, 1 left on base; Tulsa 3 - Iowa 3 |
| TOP OF THE 11TH |
|
Tulsa Drillers batting - Pitching for Iowa Oaks : RHP DeWayne Buice
|
|
Batting: RHB Nick Belmonte
|
0-0: Called Strike 0-1: Ball 1-1: Ball 2-1: Ball 3-1: Base on Balls
|
|
Pinch Hitting: LHB Casey Parsons
|
0-0: Ball 1-0: Bunt missed! 1-1: Ball 2-1: Sac Bunt to P - play at first, batter OUT! 1-4 Nick Belmonte to second
|
|
Pitching: RHP Sergio Peralta
|
|
|
Batting: SHB Paul Householder
|
0-0: SINGLE (Groundball, 6MD, EV 100.0 MPH) Nick Belmonte to third Runner from 3rd tries for Home, SAFE, throw by CF to home
|
|
Batting: RHB Victor Rios
|
0-0: Ball 1-0: Ball 2-0: Ground out 5-3 (Groundball, 56, EV 83.1 MPH) Paul Householder to second
|
|
Batting: LHB Jim Adduci
|
0-0: Ground out 4-3 (Groundball, 4, EV 86.9 MPH)
|
| Top of the 11th over - 1 run, 1 hit, 0 errors, 1 left on base; Tulsa 4 - Iowa 3 |
| BOTTOM OF THE 11TH |
|
Iowa Oaks batting - Pitching for Tulsa Drillers : RHP Bert Roberge
|
|
Now at 2B: Michael Johnson
|
|
|
Batting: RHB Edgar Flores
|
0-0: Called Strike 0-1: Foul Ball, location: 2F 0-2: Ball 1-2: Ball 2-2: Ball 3-2: Ground out 6-3 (Groundball, 56, EV 77.5 MPH)
|
|
Batting: SHB Michael Pace
|
0-0: Ball 1-0: Ground out 4-3 (Groundball, 34, EV 103.8 MPH)
|
|
Batting: RHB Dave F Schmidt
|
0-0: Called Strike 0-1: Ball 1-1: Ball 2-1: Ball 3-1: Foul Ball, location: 2F 3-2: SINGLE (Groundball, 56S, EV 66.3 MPH) (infield hit)
|
|
Batting: LHB Wayne Krenchicki
|
0-0: Ball 1-0: Foul Ball, location: 2F 1-1: Ball 2-1: SINGLE (Groundball, 23, EV 73.8 MPH) (infield hit) Dave F Schmidt to second
|
|
Pitching: RHP David Melendez
|
|
|
Batting: RHB Mike Richardt
|
0-0: Called Strike 0-1: TRIPLE (Flyball, 8LXD, EV 102.5 MPH) Dave F Schmidt scores Wayne Krenchicki scores
|
| Bottom of the 11th over - 2 runs, 3 hits, 0 errors, 0 left on base; Tulsa 4 - Iowa 5 |
|